 Dungeon Crawl Stone Soup version 0.29.1-1-gd02db6906a (webtiles) character file.

Game seed: 14100526877563854443

61 RascalDebosk the Magician (level 4, -3/34 HPs)
             Began as a Djinni Conjurer on Oct 17, 2022.
             Killed by miscasting Iskenderun's Mystic Blast (11 damage)
             ... on level 3 of the Dungeon.
             The game lasted 00:09:19 (2255 turns).

RascalDebosk the Magician (Djinni Conjurer)         Turns: 2255, Time: 00:09:20

Health: -3/34      AC:  3    Str:  6    XL:     4   Next: 27%
Gold:   105        EV: 12    Int: 19    God:
                   SH:  0    Dex: 14

rFire   + + .      SeeInvis .   s - +3 dagger
rCold   x . .      Faith    .   (no shield)
rNeg    . . .      Spirit   .   a - +0 robe
rPois   ∞          Reflect  .   (no helmet)
rElec   .          Harm     .   (no cloak)
rCorr   +          Rampage  .   c - +0 pair of gloves
Will    .....                   (boots unavailable)
Stlth   ++........              (no amulet)
HPRegen 0.11/turn               t - ring of resist corrosion
MPRegen 0.00/turn               (no ring)

@: flying, very slightly contaminated
A: sickness immunity, fire resistance 2, cold vulnerability 1, float, innate
caster, HP casting, extra vitality 1
a: no special abilities


You were on level 3 of the Dungeon.
You visited 1 branch of the dungeon, and saw 3 of its levels.

You collected 105 gold pieces.

Inventory:

Hand Weapons
 s - a +3 dagger (weapon)
Armour
 a - a +0 robe (worn)
 c - a +0 pair of gloves (worn)
Jewellery
 t - a ring of resist corrosion (left hand)
Scrolls
 d - 3 scrolls of fear {unknown}
 e - a scroll of poison {unknown}
 f - a scroll of identify {unknown}
 h - a scroll of silence {unknown}
 i - 2 scrolls of vulnerability {unknown}
 j - a scroll of amnesia {unknown}
 m - a scroll of teleportation {unknown}
 p - a scroll of immolation {unknown}
 q - a scroll of summoning {unknown}
Potions
 b - a potion of magic {unknown}
 g - a potion of mutation {unknown}
 k - a potion of brilliance {unknown}
 l - a potion of resistance {unknown}
 n - a potion of curing {unknown}
 o - a potion of heal wounds {unknown}
 r - a potion of invisibility {unknown}


   Skills:
 + Level 2.3 Fighting
 - Level 2.1 Dodging
 - Level 1.5 Stealth
 + Level 3.8 Spellcasting


You couldn't memorise any spells.
You knew the following spells:

 Your Spells              Type           Power      Damage    Failure   Level
a - Magic Dart            Conj           72%        1d6       2%          1
b - Searing Ray           Conj           36%        2d5       4%          2
c - Dazzling Flash        Conj/Hex       36%        N/A       9%          3
d - Fulminant Prism       Conj/Hex       9%         3d7       28%         4
e - Iskenderun's Mystic   Conj/Tloc      18%        2d6       28%         4
f - Sandblast             Erth           36%        2d10      2%          1
Your spell library was empty.

Dungeon Overview and Level Annotations

Branches:
Dungeon (3/15)

Altars:

Annotations:
D:3 Natasha


Innate Abilities, Weirdness & Mutations

You are immune to sickness and miasma.
You are immune to poison.
Your flesh is very heat resistant. (rF++)
You are vulnerable to cold. (rC-)
You float through the air rather than walking.
You learn spells naturally, not from books.
Your magical power is your life essence.
You have superior vitality. (+4 MHP)


Message History

There is a shaft here.
r - a viscous emerald potion You now have 105 gold pieces (gained 9).
Things that are here:
a +0 short sword; 2 stones
There is a stone staircase leading down here.
Done exploring.
There is a stone staircase leading down here.
You fly downwards.
Found a blackened emerald ring, 8 stones and a robe.
Found a stone staircase leading down.
There is a stone staircase leading up here.
Aiming: Magic Dart (safe; 3% risk of failure)
Press: ? - help, Q - select action, (/) - cycle Shift-Dir - straight line, f - ball python
Aim: a ball python (asleep, 100% to hit)
The magic dart hits the ball python.
You kill the ball python!
t - a ring of resist corrosion
t - a ring of resist corrosion (left hand) HP restored.
Found an escape hatch in the ceiling and an escape hatch in the floor.
A bat comes into view.
A bat is nearby!
Aiming: Magic Dart (safe; 3% risk of failure)
Press: ? - help, Q - select action, (/) - cycle Shift-Dir - straight line, f - bat
Aim: a bat (100% to hit)
The magic dart hits the bat.
The bat is severely wounded.
Aiming: Magic Dart (safe; 3% risk of failure)
Press: ? - help, Q - select action, (/) - cycle Shift-Dir - straight line, f/p - bat
Aim: a bat (severely wounded, 100% to hit)
The magic dart hits the bat.
You kill the bat!
Found 3 stones.
There is a stone staircase leading down here.
Unknown command.
A goblin comes into view. It is wielding a +0 club.
Found a stone staircase leading down.
The goblin shouts!
You hear a shout!
A hobgoblin comes into view.
A bat comes into view.
An adder comes into view.
An orc and Natasha come into view.
Found 2 stones.
The hobgoblin shouts!
The orc shouts!
Aiming: Magic Dart (safe; 3% risk of failure)
Press: ? - help, Q - select action, (/) - cycle Shift-Dir - straight line, f - goblin
Aim: a goblin, wielding a +0 club (100% to hit)
The magic dart hits the goblin.
You kill the goblin!
The bat misses you.
A kobold comes into view. It is wielding a +0 dagger.
Aiming: Magic Dart (safe; 2% risk of failure)
Press: ? - help, Q - select action, (/) - cycle Shift-Dir - straight line, f - bat
Aim: a bat (100% to hit)
The magic dart hits the bat.
The bat is moderately wounded.
The kobold shouts!
The bat closely misses you. The bat hits you.
Aiming: Magic Dart (safe; 2% risk of failure)
Press: ? - help, Q - select action, (/) - cycle Shift-Dir - straight line, f/p - bat
Aim: a bat (moderately wounded, 100% to hit)
The magic dart hits the bat.
The bat is heavily wounded.
Natasha hisses angrily.
The bat closely misses you.
Natasha mumbles some strange words.
Casting: Magic Dart (safe; 2% risk of failure)
Confirm with . or Enter, or press ? or * to list all spells.
The spell is extremely dangerous to miscast (28% risk of failure)!
Continue anyway?
You erupt in a blast of force!
The mystic blast hits the hobgoblin!
You kill the hobgoblin!
The mystic blast hits the adder!
The adder is severely wounded.
The adder is knocked back by the mystic blast.
The mystic blast hits the bat!
You kill the bat!
Natasha casts a spell at you. The magic dart hits you!
Press: ? - help, v - describe, . - travel The floor.
The adder bites you.
You see here a bat corpse.
Unknown command.
Casting: Iskenderun's Mystic Blast (extremely dangerous; 28% risk of failure)
Confirm with . or Enter, or press ? or * to list all spells.
The spell is extremely dangerous to miscast (28% risk of failure)!
Continue anyway?
Aiming: Fulminant Prism (extremely dangerous; 28% risk of failure)
Press: ? - help, Dir - move target You conjure a prism of explosive energy!
* * * LOW HITPOINT WARNING * * *
A fulminant prism comes into view.
The orc barely misses you. The adder bites you.
* * * LOW HITPOINT WARNING * * *
The crimson imp blinks!
Casting: Fulminant Prism (extremely dangerous; 28% risk of failure)
Confirm with . or Enter, or press ? or * to list all spells.
The spell is extremely dangerous to miscast (28% risk of failure)!
Continue anyway?
You miscast Iskenderun's Mystic Blast.
You are very lightly contaminated with residual magic.
A wave of violent energy washes through your body!
You die...

#....<..##
######.>.# #...#
#...# #...#
#...#######
#>.........
.#####...#####.#
......(@........
......oS...h§...
.>...K.......(..
...P..P.[*.....#
..~~.~P5~P.#####
P~~.~~~~...#
~~~~~≈≈~.~.#
~~.≈~~~.~~♣#


You could see Natasha, a crimson imp (summoned), an adder (ally target), an orc,
a kobold and a friendly fulminant prism.

Vanquished Creatures
  A worm (D:2)
  2 dart slugs
  5 ball pythons
  5 bats
  8 endoplasms
  3 giant cockroaches (D:2)
  4 goblins
  4 hobgoblins
  7 kobolds
  A quokka (D:1)
  3 frilled lizards
  6 rats
49 creatures vanquished.

Vanquished Creatures (others)
  3 plants (D:3)
3 creatures vanquished.

Grand Total: 52 creatures vanquished

Notes
Turn   | Place    | Note
-------+----------+-------------------------------------------
     0 | D:1      | RascalDebosk the Djinni Conjurer began the quest for the
                  | Orb.
     0 | D:1      | RascalDebosk set off with the following spells memorised:
                  | Magic Dart, Searing Ray, Dazzling Flash, Fulminant Prism,
                  | Iskenderun's Mystic Blast.
     0 | D:1      | Reached XP level 1. HP: 15/15 MP: 0/0
   273 | D:1      | Reached XP level 2. HP: 19/22 MP: 0/0
   403 | D:1      | Reached skill level 1 in Fighting
   487 | D:1      | Found a faded altar of an unknown god.
  1034 | D:1      | Reached XP level 3. HP: 24/27 MP: 0/0
  1034 | D:1      | Learned a level 1 spell: Sandblast
  1945 | D:2      | Reached XP level 4. HP: 32/33 MP: 0/0
  2248 | D:3      | Noticed Natasha
  2255 | D:3      | Killed by miscasting Iskenderun's Mystic Blast

Illustrated notes

Levels and vault maps discovered:
D:1:      minmay_arrival_shattered_statue, layout_loops_corners,
          ebering_ecumenical_altar_petrified
D:2:      layout_rooms
D:3:      layout_loops_cross, marbit_many_paths, nemelex_spade_bored_becter,
          lemuel_doored_altar, serial_bayou, serial_bayou_pond_b,
          serial_bayou_pond_c, serial_bayou_pond_c, serial_bayou_pond_e,
          uniq_grinder, uniq_natasha

Skill      XL: |  1  2  3 |
---------------+----------+-----
Fighting       | 1 2 |  2.3
Dodging        | |  2.1
Stealth        | |  1.5
Spellcasting   | |  3.8

Action                   |  1- 3 |  4- 6 || total
-------------------------+-------+-------++-------
Melee: Dagger            |     1 |       ||     1
 Cast: Magic Dart        |    75 |    16 ||    91
       Searing Ray       |     1 |       ||     1
       Iskenderun's Myst |       |     1 ||     1
       Fulminant Prism   |       |     1 ||     1
 Stab: Sleeping          |     1 |       ||     1
Armor: Robe              |     1 |       ||     1
Dodge: Dodged            |     5 |     4 ||     9
